 Dungeon Crawl Stone Soup version 0.20-a0-309-gcba9277 (webtiles) character file.

19569 junb69 the Carver (level 12, -4/107 HPs)
             Began as a Black Draconian Gladiator on Dec 19, 2016.
             Was a Priest of Ashenzari.
             Slain by a catoblepas (17 damage)
             ... on level 3 of the Lair of Beasts.
             The game lasted 00:41:10 (18572 turns).

junb69 the Carver (Black Draconian Gladiator)      Turns: 18572, Time: 00:41:11

Health: -4/107     AC: 13    Str: 17 (19) XL:     12   Next: 37%
Magic:  16/16      EV: 19    Int: 10 (12) God:    Ashenzari [***...]
Gold:   556        SH: 11    Dex: 11 (12) Spells: 11/11 levels left

rFire  . . .     SeeInvis +     B - +3 long sword (slice) (curse)
rCold  . . .     Gourm    .     (armour unavailable)
rNeg   . . .     Faith    .     m - +0 shield (curse)
rPois  .         Spirit   .     b - +2 hat (curse)
rElec  +         Reflect  .     (no cloak)
rCorr  .         Harm     .     (no gloves)
MR     +....                    r - +2 pair of boots (curse)
Stlth  ++........               (no amulet)
                                z - ring of protection from magic (curse)
                                i - +3 ring of evasion (curse)

@: no status effects
A: breathe lightning, unfitting armour, electricity resistance, cold-blooded, AC
+8
a: Breathe Lightning, Curse Item, Scrying, Renounce Religion


You were on level 3 of the Lair of Beasts.
You worshipped Ashenzari.
Ashenzari was most pleased with you.
You were near starving.

You visited 3 branches of the dungeon, and saw 15 of its levels.

You collected 904 gold pieces.
You spent 348 gold pieces at shops.

Inventory:

Hand Weapons
 l - a +0 scimitar
 B - a cursed +3 long sword of slicing (weapon)
 M - a +0 blowgun
Missiles
 c - a throwing net (quivered)
 L - 9 curare-tipped needles
Armour
 b - a cursed +2 hat (worn)
 m - a cursed +0 shield (worn)
 r - a cursed +2 pair of boots (worn)
Jewellery
 i - a cursed +3 ring of evasion (left hand)
 z - a cursed ring of protection from magic (right hand)
 N - an uncursed ring of fire
Wands
 j - a wand of flame (19/48)
 x - a wand of slowing (32/48)
 C - a wand of paralysis (0/24)
 D - a wand of iceblast (7/15)
 K - a wand of confusion (20/48)
Scrolls
 n - 4 scrolls of recharging
 p - 3 scrolls of remove curse
 v - 5 scrolls of magic mapping
 w - 2 scrolls of blinking
 y - 3 scrolls of teleportation
 E - 2 scrolls of enchant armour
 H - a scroll of fear
Potions
 a - 2 potions of haste {unknown}
 e - 2 potions of lignification {unknown}
 g - a potion of mutation {unknown}
 h - 3 potions of curing
 k - 3 potions of ambrosia {unknown}
 o - 2 potions of agility {unknown}
 q - 2 potions of magic {unknown}
 s - 3 potions of flight {unknown}
 t - 3 potions of degeneration
 u - 6 potions of berserk rage {unknown}
 I - a potion of cancellation {unknown}
Books
 A - a Young Poisoner's Handbook

   Spells                             Type                      Level
   a - Sting                          Conjuration/Poison           1
   b - Mephitic Cloud                 Conjuration/Poison/Air       3
   c - Olgreb's Toxic Radiance        Poison                       4
   d - Alistair's Intoxication        Transmutation/Poison         5
   e - Venom Bolt                     Conjuration/Poison           5
Comestibles
 d - 7 bread rations
 f - 6 meat rations
 F - 2 beef jerkies
 G - 3 slices of pizza
 J - 4 fruits


   Skills:
 - Level 10.5 Fighting
 - Level 10.8(13.5) Long Blades
 - Level 1.7 Throwing
 - Level 10.2 Dodging
 * Level 2.1 Stealth
 - Level 8.5(10.4) Shields
 - Level 6.3(8.2) Evocations


You had 11 spell levels left.
You didn't know any spells.

Dungeon Overview and Level Annotations

Branches:
Dungeon (11/15)            Temple (1/1) D:7            Lair (3/6) D:11
 Spider (0/4) Lair:2
  Swamp: Lair:2-4    Shoals: Lair:2-4       Orc: D:9-12

Altars:
Ashenzari
Cheibriados
Dithmenos
Fedhas
Gozag
Hepliaklqana
Kikubaaqudgha
Makhleb
Nemelex Xobeh
Okawaru
Qazlal
Ru
Trog
Uskayaw
Vehumet
Xom
Zin
The Shining One

Shops:
D:6 *   D:10 *

Portals:
Trove: D:10 (give amulet of the Air)

Annotations:
Lair:1 Nergalle
Lair:2 Fannar


Innate Abilities, Weirdness & Mutations

You can breathe wild blasts of lightning.
Your glossy black scales are hard. (AC +8)
You cannot fit into any form of body armour.
You are resistant to electric shocks. (rElec)
You are cold-blooded and may be slowed by cold attacks.


Message History

You hit the catoblepas.
The catoblepas is severely wounded.
You slash the catoblepas!
You tail-slap the catoblepas, but do no damage.
The catoblepas is almost dead.
The catoblepas closely misses you.
You hit the catoblepas but do no damage.
The catoblepas is almost dead.
The catoblepas barely misses you.
You hit the catoblepas but do no damage.
The catoblepas is almost dead.
The catoblepas breathes a plume of calcifying dust at you.
The blast of calcifying dust hits you! The catoblepas gores you!!
* * * LOW HITPOINT WARNING * * *
It was a potion of degeneration.
There was something very wrong with that liquid.
You feel weakened.
You feel dopey.
You feel clumsy. The catoblepas gores you!
You die...

P.....#####.....#................
......###.......#................
>...............#................
...............§.................
......#...F#...§.................
.......#.###...§...............P.
#....#######...§P##..............
....#######....§.#...............
...#######.....§@................
#..#########...Y...(.............
########...F<.............
######...................
######..##.#............
##########............. *
###########.......... ,,,
############......#. *
#############....##


You could see a catoblepas and a spiny frog (petrified).

Vanquished Creatures
  2 two-headed ogres
  Sonja (Lair:2)
  The ghost of Yermak the Grappler, a novice VSWn of Cheibriados (D:10)
  An unseen horror (D:11)
  A cyclops (D:11)
  A manticore (D:11)
  2 centaur zombies
  A black mamba (Lair:1)
  A spiny frog (Lair:3)
  3 kobold demonologists
  3 trolls (D:10)
  A jumping spider (Lair:2)
  Grinder (D:6)
  Prince Ribbit (D:5)
  6 hippogriffs
  3 redbacks (Lair:2)
  22 yaks
  A human (D:7)
  4 hogs (D:7)
  A hungry ghost (D:8)
  2 basilisks
  Menkaure (D:6)
  An acid dragon (D:11)
  7 porcupines
  3 water moccasins
  2 sky beasts (D:9)
  A black bear (D:4)
  3 phantoms
  6 orc warriors
  An ice beast (D:5)
  A necrophage (D:5)
  8 centaurs
  2 crocodiles
  4 big kobolds
  7 bullfrogs
  5 scorpions
  4 wights
  2 killer bees (D:5)
  2 howler monkeys
  9 crimson imps
  2 quasits (D:11)
  2 bullfrog zombies
  5 hounds
  5 jellies
  2 centaur skeletons
  2 bullfrog skeletons
  13 orc priests
  10 orc wizards
  6 iguanas
  Natasha (thrice) (D:2)
  5 worker ants
  2 hell rats (D:11)
  A killer bee zombie (D:7)
  2 hound zombies
  A worker ant zombie (D:9)
  4 gnolls (D:4)
  10 adders
  A river rat (D:11)
  A howler monkey skeleton (D:8)
  4 shadow imps
  An ooze (D:3)
  2 adder skeletons
  2 worms
  2 dart slugs
  4 leopard geckos
  55 orcs
  9 giant cockroaches
  15 goblins
  8 hobgoblins
  2 jackals (D:3)
  4 quokkas
  A ball python (D:3)
  9 bats
  7 frilled lizards
  2 jackal zombies
  16 kobolds
  A leopard gecko skeleton (D:6)
  11 rats
360 creatures vanquished.

Vanquished Creatures (others)
  8 fungi
  2 plants (Lair:2)
10 creatures vanquished.

Grand Total: 370 creatures vanquished

Notes
Turn   | Place    | Note
-------+----------+-------------------------------------------
     0 | D:1      | junb69 the Draconian Gladiator began the quest for the Orb.
     0 | D:1      | Reached XP level 1. HP: 17/17 MP: 1/1
   442 | D:1      | Reached XP level 2. HP: 24/24 MP: 2/2
   965 | D:2      | Reached XP level 3. HP: 19/29 MP: 3/3
  1104 | D:2      | Noticed Natasha
  1111 | D:2      | Killed Natasha
  1170 | D:2      | Noticed Natasha
  1179 | D:2      | Killed Natasha
  1179 | D:2      | Reached skill level 5 in Long Blades
  1179 | D:2      | Reached XP level 4. HP: 22/36 MP: 4/4
  1617 | D:2      | Noticed Natasha
  1644 | D:2      | Killed Natasha
  2175 | D:3      | Reached XP level 5. HP: 27/41 MP: 5/5
  2630 | D:3      | Found a glowing golden altar of the Shining One.
  3240 | D:3      | Reached XP level 6. HP: 42/48 MP: 6/6
  4297 | D:4      | Your scales start taking on a glossy black colour.
  4297 | D:4      | Reached XP level 7. HP: 45/55 MP: 7/7
  4297 | D:4      | Gained mutation: You are resistant to electric shocks. (rElec) [Black Draconian growth]
  4921 | D:5      | Entered Level 5 of the Dungeon
  5932 | D:5      | Reached XP level 8. HP: 56/61 MP: 8/8
  6245 | D:5      | Noticed Prince Ribbit
  6300 | D:5      | Found a blossoming altar of Fedhas.
  6482 | D:5      | Reached skill level 10 in Long Blades
  6820 | D:5      | Killed Prince Ribbit
  7257 | D:6      | Noticed Grinder
  7273 | D:6      | Killed Grinder
  7359 | D:6      | Noticed Menkaure
  7372 | D:6      | Reached skill level 5 in Fighting
  7372 | D:6      | Killed Menkaure
  7735 | D:6      | Reached XP level 9. HP: 51/75 MP: 9/9
  8481 | D:6      | Found Xiudd's Assorted Antiques.
  8489 | D:6      | Bought a scroll of identify for 54 gold pieces
  8489 | D:6      | Bought a scroll of identify for 54 gold pieces
  8492 | D:6      | Bought a shiny silver wand for 108 gold pieces
  8515 | D:6      | Found an ancient bone altar of Kikubaaqudgha.
  8538 | D:6      | Found a hide-covered altar of Uskayaw.
  8540 | D:6      | Found an opulent altar of Gozag.
  8540 | D:6      | Found a hazy altar of Hepliaklqana.
  8541 | D:6      | Found a sacrificial altar of Ru.
  8543 | D:6      | Found a snail-covered altar of Cheibriados.
  8770 | D:7      | Found a staircase to the Ecumenical Temple.
  8782 | Temple   | Entered the Ecumenical Temple
  8849 | Temple   | Became a worshipper of Ashenzari the Shackled
  8953 | D:7      | Found a shadowy altar of Dithmenos.
  9451 | D:7      | Reached skill level 10 in Fighting
  9958 | D:8      | Reached XP level 10. HP: 94/94 MP: 10/10
 10082 | D:8      | Reached skill level 5 in Dodging
 10139 | D:8      | Found a shimmering altar of Xom.
 11036 | D:9      | Reached * piety under Ashenzari
 11124 | D:9      | Reached skill level 1 in Shields
 11716 | D:9      | Found a shimmering altar of Xom.
 11763 | D:9      | Found a snail-covered altar of Cheibriados.
 11763 | D:9      | Found a sacrificial altar of Ru.
 11765 | D:9      | Found a glowing golden altar of the Shining One.
 11765 | D:9      | Found a bloodstained altar of Trog.
 11765 | D:9      | Found a bloodstained altar of Trog.
 12231 | D:10     | Entered Level 10 of the Dungeon
 12475 | D:10     | Noticed Yermak's ghost (novice VSWn)
 12505 | D:10     | Killed Yermak's ghost
 12903 | D:10     | Reached skill level 5 in Shields
 12938 | D:10     | Reached XP level 11. HP: 91/101 MP: 11/11
 13263 | D:10     | Found Likaot's Assorted Antiques.
 13273 | D:10     | Bought a scroll of remove curse for 99 gold pieces
 13273 | D:10     | Bought a scroll labeled BIRGHY FECHIGGO for 33 gold pieces
 13393 | D:10     | Reached ** piety under Ashenzari
 13643 | D:10     | Noticed a two-headed ogre
 13660 | D:10     | Killed a two-headed ogre
 13667 | D:10     | Found a portal to a secret trove of treasure.
 14087 | D:11     | Noticed a death yak
 14167 | D:11     | Noticed a two-headed ogre
 14197 | D:11     | Killed a two-headed ogre
 14272 | D:11     | Noticed a death yak
 14291 | D:11     | Noticed a death yak
 14509 | D:11     | Reached skill level 1 in Evocations
 15231 | D:11     | Killed an unseen horror
 15614 | D:11     | Reached skill level 5 in Evocations
 15622 | D:11     | Noticed a soul eater
 15654 | D:11     | Found a staircase to the Lair.
 16093 | Lair:1   | Entered Level 1 of the Lair of Beasts
 16178 | Lair:1   | Noticed Nergalle
 16202 | Lair:1   | Noticed a five-headed hydra
 16427 | Lair:1   | Reached *** piety under Ashenzari
 16451 | Lair:1   | Reached XP level 12. HP: 101/107 MP: 16/16
 16676 | Lair:1   | Noticed an eight-headed hydra
 16979 | Lair:2   | Noticed Fannar
 16979 | Lair:2   | Noticed a five-headed hydra
 17418 | Lair:2   | Found a hole to the Spider Nest.
 17570 | Lair:2   | Noticed Sonja
 17583 | Lair:2   | Killed Sonja
 17948 | Lair:2   | Reached skill level 10 in Dodging
 17970 | Lair:2   | Reached skill level 1 in Stealth
 18484 | Lair:3   | Noticed a catoblepas
 18572 | Lair:3   | Slain by a catoblepas

Vault maps used:
D:1:      minmay_arrival_hallway
D:2:      wad_lake_hut, uniq_natasha
D:3:      kennysheep_the_goblin_king, tso_altar
D:4:      first_bread
D:5:      fedhas_altar_1, uniq_prince_ribbit1
D:6:      grunt_temple_overflow_open, kiku_gazebo_pond_becter, serial_shops,
          shop, kennysheep_generic_room_10, uniq_grinder, uniq_menkaure
D:7:      nicolae_overflow_crystal_walls, grunt_livestock
D:8:      lemuel_round_altar, serial_aquarium, aquarium_bridge_square,
          aquarium_window_1, aquarium_window_1, aquarium_view_2d,
          aquarium_view_2e, aquarium_balcony_5b, minmay_tree_intersection
D:9:      doesnt_xom_only_xom
D:10:     nicolae_trove_entry_free_sample, serial_shops, shop
D:11:     dpeg_lair_monsters
Temple:   oiseaux_autumnal_temple
Lair:1:   infiniplex_staircase_pool_2, grunt_megastairs_3, uniq_nergalle
Lair:2:   spider_nest_entry_a, lemuel_fruit_tree, serial_bayou_shore_b,
          serial_bayou_shore_a, uniq_fannar, uniq_sonja
Lair:3:   minmay_shoals_entry_beasts

Skill      XL: |  1  2  3  4  5  6  7  8  9 10 11 12 |
---------------+-------------------------------------+-----
Long Blades    | 4 5 6 8 9 10 | 10.8
Fighting       | 6 10 | 10.5
Dodging        | 3 7 9 10 | 10.2
Shields        | 5 7 8 |  8.5
Evocations     | 6 |  6.3
Stealth        | 2 |  2.1
Throwing       | |  1.7

Action                   |  1- 3 |  4- 6 |  7- 9 | 10-12 || total
-------------------------+-------+-------+-------+-------++-------
Melee: Long sword        |    63 |   218 |   347 |   721 ||  1349
       Tailslap          |    11 |    30 |    54 |   139 ||   234
Throw: Throwing net      |       |       |     4 |     1 ||     5
Invok: Curse Item        |       |       |     3 |     3 ||     6
       Scrying           |       |       |       |     2 ||     2
 Abil: Breathe Lightning |       |       |    14 |     4 ||    18
Evoke: Wand              |       |     5 |       |     7 ||    12
  Use: Scroll            |       |     7 |     8 |    10 ||    25
       Potion            |       |       |       |     2 ||     2
 Stab: Sleeping          |       |     1 |       |     1 ||     2
       Held in net/web   |       |       |     1 |       ||     1
       Confused          |       |       |       |     3 ||     3
  Eat: Chunk             |     1 |    10 |    16 |    19 ||    46
       Fruit             |       |       |     5 |     2 ||     7
       Pizza             |       |       |       |     5 ||     5
Armor: Skin              |    24 |    60 |    91 |   156 ||   331
Dodge: Dodged            |    47 |   223 |   265 |   410 ||   945
Block: Shield            |       |       |       |   313 ||   313
       Rpst.: Long sword |    14 |    76 |    68 |    93 ||   251
